 Dungeon Crawl Stone Soup version 0.28.0-49-g6dfe1f597d (webtiles) character file.

Game seed: 3066010224431317425

2 Keeper01 the Grave Robber (level 1, 0/14 HPs)
             Began as a Ghoul Necromancer on May 11, 2022.
             Slain by a jackal (2 damage)
             ... on level 1 of the Dungeon.
             The game lasted 00:02:15 (68 turns).

Keeper01 the Grave Robber (Ghoul Necromancer)         Turns: 68, Time: 00:02:15

Health: 0/14       AC:  2    Str: 11    XL:     1   Next: 40%
Magic:  1/2        EV: 12    Int: 10    God:
Gold:   0          SH:  0    Dex:  9    Spells: 2/3 levels left

rFire   . . .      SeeInvis .   (no weapon)
rCold   + . .      Faith    .   (no shield)
rNeg    + + +      Spirit   .   a - +0 robe
rPois   ∞          Reflect  .   (no helmet)
rElec   .          Harm     .   (no cloak)
rCorr   .          Rampage  .   (no gloves)
Will    .....                   (no boots)
Stlth   ++........              (no amulet)
HPRegen 0.00/turn               (no ring)
MPRegen 0.08/turn               (no ring)

@: inhibited regen
A: claws 1, cold resistance 1, negative energy resistance 3, inhibited
regeneration, torment resistance 2
a: no special abilities


You were on level 1 of the Dungeon.
You visited 1 branch of the dungeon, and saw 1 of its levels.

Inventory:

Armour
 a - a +0 robe (worn)
 b - an orb of guile
Potions
 c - a potion of curing {unknown}


   Skills:
 + Level 1.7 Dodging
 + Level 2.2 Stealth
 + Level 1.8 Spellcasting
 + Level 4.1 Necromancy


You had 2 spell levels left.
You knew the following spells:

 Your Spells              Type           Power      Damage    Failure   Level
a - Pain                  Necr           36%        1d5       6%          1

Your spell library contained the following spells:

 Spells                   Type           Power      Damage    Failure   Level
 Animate Skeleton         Necr           18%        N/A       6%          1
 Vampiric Draining        Necr           9%         2d6       19%         3
 Animate Dead             Necr           4%         N/A       52%         4
 Agony                    Necr           9%         N/A       86%         5


Dungeon Overview and Level Annotations

Branches:
Dungeon (1/15)

Altars:

Shops:
D:1 *


Innate Abilities, Weirdness & Mutations

You thrive by killing the living.
You are immune to poison.
You have sharp fingernails.
Your flesh is cold resistant. (rC+)
You are immune to negative energy. (rN+++)
You do not regenerate when monsters are visible.
You are immune to unholy pain and torment.


Message History

c - a yellow potion The jackal bites you.
The jackal closely misses you.
The jackal bites you but does no damage.
The ball python bites you. The ball python closely misses you.
The endoplasm barely misses you. The jackal bites you.
The ball python barely misses you. The ball python grabs you.
The ball python constricts you.
You escape the ball python's grasp.
A bat and an endoplasm come into view.
The jackal barely misses you. The ball python closely misses you.
The ball python grabs you. The ball python constricts you.
The jackal bites you but does no damage.
You see here 17 gold pieces.
You escape the ball python's grasp.
The ball python bites you. The ball python barely misses you.
The endoplasm hits you but does no damage.
The jackal barely misses you. The jackal misses you.
The jackal closely misses you.
The endoplasm jiggles.
The jackal closely misses you.
Aiming: Pain (safe; 6% risk of failure)
Press: ? - help, Q - select action Shift-Dir - straight line, f - jackal
Aim: a jackal (chance to affect: 76%)
The jackal writhes in agony.
The jackal barely misses you. The jackal completely misses you.
The jackal closely misses you. The endoplasm hits you.
* * * LOW HITPOINT WARNING * * *
You open the door. The jackal barely misses you.
The ball python barely misses you. The ball python closely misses you.
The jackal misses you. The endoplasm freezes you.
You are frozen.
You resist.
* * * LOW HITPOINT WARNING * * *
Found Quyvvile's General Store.
Found a stone staircase leading down.
There is an open door here.
The jackal bites you but does no damage.
Found a scroll labelled CYDILE YCIONA.
The jackal bites you.
You die...

.#.#.##. .##..#
#.#.#.#.#...... .. .#
≈≈.#.##.......# .##.##
.≈#.#.##..###.##
.#...##
.≈.#.#..........
.....?#
.≈#.#.....#.#.##
....... ≈≈.#.#....#.#.#
.....
#.#.#.###.#..##########
.#.#?#####...JSh@..∩..+
.....##.....###########
#.#...#.##....# .....
...†..................#
.#......#......########
.#_....$#...#..#
.#......#...#..#
...............#
.....!.........#


You could see an endoplasm, a jackal and a ball python.

Vanquished Creatures
  A bat (D:1)
  A quokka (D:1)
2 creatures vanquished.

Notes
Turn   | Place    | Note
-------+----------+-------------------------------------------
     0 | D:1      | Keeper01 the Ghoul Necromancer began the quest for the Orb.
     0 | D:1      | Reached XP level 1. HP: 14/14 MP: 2/2
    11 | D:1      | Found a faded altar of an unknown god.
    64 | D:1      | Found Quyvvile's General Store.
    68 | D:1      | Slain by a jackal

Illustrated notes

Levels and vault maps discovered:
D:1:      ncdulo_watergridlock, layout_loops_ring, serial_shops,
          nicolae_shop_hallway_stairs, hellmonk_ecumenical_altar_lost_god

Action                   || total
-------------------------++-------
 Cast: Pain              ||     4
Armor: Robe              ||     4
Dodge: Dodged            ||    24
